AoeStats
← Silent George

Oasis

508019407Analyzed
2v2 RM · 12d ago on Sep 20, 2026· 42m 15s· 4 players
Game mode
Random Map
Map size
Medium (4 player)
Population
200
Speed
Normal
Resources
Standard
Victory
Conquest
Starting age
Dark Age
Ending age
Imperial Age
RankedLock teamsTeams togetherTeam positionsShared explorationLock speedFull tech treeHidden civsTurbo modeCheats
Victory
Defeat
🇨🇳 Huns · China
812
+13
🇧🇪 Inca · Belgium
718
+16
🇹🇷 Vikings · Türkiye
756
-15
🇹🇷 Portuguese · Türkiye
717
-14
31545054
1:18 Loom
13:28 Feudal Age
19:27 Castle Age
19:09 Forging
19:05 Scale Barding Armor
19:14 Bloodlines
20:33 Husbandry
21:15 Iron Casting
21:07 Chain Barding Armor
34:47 Imperial Age
32:16 Double-Bit Axe
34:27 Wheelbarrow
35:02 Cavalier
37:05 Blast Furnace
37:27 Plate Barding Armor
40:00 Paladin
Silent George
0:28 Loom
12:16 Feudal Age
12:45 Town Watch
17:35 Champi Runner
18:01 Arson
18:19 Scale Mail Armor
18:29 Forging
26:47 Castle Age
26:17 Fletching
27:44 Champi Warrior
28:25 Squires
31:44 Town Patrol
34:01 Chain Mail Armor
33:43 Bodkin Arrow
36:08 Iron Casting
41:38 Imperial Age
41:51 Elite Champi Warrior
Wayfarer ✔
9:55 Feudal Age
10:24 Double-Bit Axe
11:44 Gold Mining
12:55 Stone Mining
12:58 Horse Collar
22:00 Castle Age
20:32 Fletching
20:45 Padded Archer Armor
21:15 Scale Mail Armor
27:02 Pikeman
35:17 Bow Saw
37:51 Heavy Plow
38:20 Masonry
37:52 Treadmill Crane
38:34 Ballistics
38:25 Masonry
38:21 Elite Skirmisher
38:24 Crossbowman
42:14 Chain Mail Armor
42:15 Leather Archer Armor
dekompanze
0:34 Loom
16:43 Feudal Age
20:09 Double-Bit Axe
20:07 Horse Collar
22:51 Castle Age
24:23 Elite Skirmisher
38:07 Gambesons
Connection lost

Rejoining the realm…

Still unreachable

The connection could not be restored.

Session expired

The server has moved on; the page needs a fresh start.